 Dungeon Crawl Stone Soup version 0.30-a0-354-g6b83867211 (webtiles) character file.

Game seed: 13473769309756392043

43913 funkygono the Arsonist (level 13, 0/94 HPs)
             Began as a Grey Draconian Fire Elementalist on Nov 7, 2022.
             Was a Priest of Vehumet.
             Slain by Snorg (7 damage)
             ... on level 4 of the Lair of Beasts.
             The game lasted 00:49:38 (22466 turns).

funkygono the Arsonist (DrFE)                      Turns: 22466, Time: 00:49:39

Health: 0/94       AC: 21    Str: 12    XL:     13   Next: 93%
Magic:  9/30       EV: 19    Int: 20    God:    Vehumet [***...]
Gold:   1152       SH:  0    Dex: 17    Spells: 17/39 levels left

rFire   . . .      SeeInvis .    l - +6 whip (elec)
rCold   . . .      Faith    .    (no shield)
rNeg    . . .      Spirit   .    (body armour unavailable)
rPois   .          Reflect  .    h - +2 hat
rElec   .          Harm     .    E - +1 cloak of Starlight {*Dazzle EV+4 Stlth--}
rCorr   .          Rampage  .    u - +2 pair of gloves
Will    +....                    I - +0 pair of boots
Stlth   +.........               (no amulet)
HPRegen 0.35/turn                j - +6 ring of dexterity
MPRegen 0.22/turn                n - ring of willpower

@: no status effects
A: AC +13, amphibious, unfitting armour, cold-blooded
a: Renounce Religion


You were on level 4 of the Lair of Beasts.
You worshipped Vehumet.
Vehumet was most pleased with you.
You visited 3 branches of the dungeon, and saw 17 of its levels.
You also visited: Sewer and Bailey.

You collected 1308 gold pieces.
You spent 156 gold pieces at shops.

Inventory:

Hand Weapons
 l - a +6 whip of electrocution (weapon)
 N - a +2 mace of protection
Armour
 h - a +2 hat (worn)
 u - a +2 pair of gloves (worn)
 B - a +2 cloak of preservation
 E - the +1 cloak of Starlight (worn) {*Dazzle EV+4 Stlth--}
   (You found it on level 8 of the Dungeon)

   It may blind those who miss an attack against the wearer in melee combat.
   EV:        It affects your evasion (+4).
   Stlth:     It makes you much less stealthy.
 I - a +0 pair of boots (worn)
Magical Staves
 x - a staff of earth
Jewellery
 d - an amulet of guardian spirit
 j - a +6 ring of dexterity (left hand)
 n - a ring of willpower (right hand)
 w - a ring of wizardry
Wands
 a - a wand of digging (2)
 o - a wand of charming (14)
 t - a wand of light (17)
 v - a wand of mindburst (21)
Scrolls
 f - 3 scrolls of blinking
 i - 4 scrolls of identify
 s - 8 scrolls of teleportation
 y - a scroll of fear
 z - 4 scrolls of magic mapping
 A - 3 scrolls of amnesia
Potions
 b - 4 potions of cancellation
 c - 2 potions of brilliance
 e - 3 potions of resistance
 g - a potion of magic
 m - 8 potions of might
 p - 7 potions of curing
 q - 2 potions of haste
 r - a potion of ambrosia
 C - a potion of mutation
 K - 2 potions of berserk rage
Miscellaneous
 k - a phantom mirror (inert)
 D - a phantom mirror (inert)
 F - a box of beasts


   Skills:
 + Level 3.2 Fighting
 + Level 0.2 Short Blades
 + Level 3.2 Maces & Flails
 + Level 5.6 Dodging
 + Level 4.5 Stealth
 + Level 13.9 Spellcasting
 + Level 9.0 Conjurations
 + Level 1.0 Translocations
 + Level 0.2 Transmutations
 + Level 14.6 Fire Magic
 + Level 1.1 Air Magic
 + Level 3.9 Earth Magic
 + Level 0.3 Poison Magic
 + Level 1.3 Evocations


You had 17 spell levels left.
You knew the following spells:

 Your Spells              Type           Power      Damage    Failure   Level
a - Foxfire               Conj/Fire      100%       2x1d9     1%          1
b - Scorch                Fire           100%       2d10      0%          2
c - Kindle Blastsparks    Fire/Tloc/Air  72%        2d16      1%          3
d - Flame Wave            Conj/Fire      57%        2d14      1%          4
e - Searing Ray           Conj           100%       2d8       1%          2
f - Shock                 Conj/Air       100%       1d9       1%          1
g - Sandblast             Erth           58%        2d13      1%          1
h - Ignite Poison         Fire/Tmut/Pois 34%        N/A       1%          3
i - Blink                 Tloc           36%        N/A       4%          2
j - Mephitic Cloud        Conj/Pois/Air  27%        N/A       1%          3

Your spell library contained the following spells:

 Spells                   Type           Power      Damage    Failure   Level
 Magic Dart               Conj           100%       1d8       1%          1
 Hailstorm                Conj/Ice       31%        3d8       1%          3
 Inner Flame              Hex/Fire       43%        N/A       1%          3
 Fulminant Prism          Conj/Hex       15%        3d10      2%          4
 Apportation              Tloc           36%        N/A       3%          1
 Necrotise                Necr           52%        1d6       4%          1
 Slow                     Hex            52%        N/A       4%          1
 Summon Small Mammal      Summ           52%        N/A       4%          1
 Irradiate                Conj/Tmut      16%        3d17      5%          5
 Cigotuvi's Dreadful Rot  Necr/Pois/Air  30%        N/A       6%          2
 Ensorcelled Hibernation  Hex/Ice        26%        N/A       7%          2
 Sublimation of Blood     Necr           13%        N/A       7%          2
 Gell's Gravitas          Tloc           18%        N/A       9%          3
 Teleport Other           Tloc           18%        N/A       9%          3
 Spider Form              Tmut/Pois      15%        N/A       12%         3
 Call Canine Familiar     Summ           13%        N/A       14%         3
 Confusing Touch          Hex            13%        N/A       14%         3
 Summon Guardian Golem    Hex/Summ       13%        N/A       14%         3
 Vampiric Draining        Necr           13%        2d6       14%         3
 Petrify                  Tmut/Erth      22%        N/A       19%         4
 Manifold Assault         Tloc           18%        N/A       30%         4
 Ice Form                 Ice/Tmut       14%        N/A       41%         4
 Anguish                  Hex/Necr       6%         N/A       43%         4
 Dispel Undead            Necr           13%        3d9       43%         4
 Summon Ice Beast         Ice/Summ       13%        N/A       43%         4
 Summon Mana Viper        Hex/Summ       13%        N/A       78%         5
 Dispersal                Tloc           9%         N/A       99%         6
 Death Channel            Necr           6%         N/A       100%        6
 Simulacrum               Ice/Necr       6%         N/A       100%        6
 Monstrous Menagerie      Summ           6%         N/A       100%        7
 Storm Form               Tmut/Air       8%         N/A       100%        7


Dungeon Overview and Level Annotations

Branches:
Dungeon (11/15)            Temple (1/1) D:4            Lair (5/5) D:11
 Shoals (0/4) Lair:3       Spider (0/4) Lair:2          Orc (0/2) D:10
  Sewer (visited)          Bailey (visited)
  Slime: Lair:4-5

Altars:
Ashenzari
Cheibriados
Dithmenos
Elyvilon
Fedhas
Gozag
Hepliaklqana
Kikubaaqudgha
Makhleb
Nemelex Xobeh
Okawaru
Qazlal
Ru
Sif Muna
Trog
Uskayaw
Vehumet
Wu Jian
Xom
Yredelemnul
Zin
The Shining One

Shops:
D:6 ?   D:10 (

Portals:
Abyss: D:9

Annotations:
D:9 2 transporters, Gonzollydolly's ghost, novice MeRe
Lair:1 2 transporters, Uhykki's ghost, journeyman DjFE
Lair:4 Snorg


Innate Abilities, Weirdness & Mutations

Your dull iron-grey scales are very hard. (AC +13)
You are amphibious.
You cannot fit into any form of body armour.
You are cold-blooded and may be slowed by cold attacks.


Message History

Snorg is moderately wounded.
Snorg misses you.
Snorg's vision is obscured by starry radiance!
Snorg closely misses you. Snorg claws you but does no damage.
Snorg completely misses you.
Snorg's vision is obscured by starry radiance!
Snorg completely misses you. Snorg claws you.
Casting: Scorch (safe; 0% risk of failure)
Confirm with . or Enter, or press ? or * to list all spells.
Flames lash Snorg.
Snorg is burned terribly!
Snorg is heavily wounded.
Snorg misses you. x3
Casting: Scorch (safe; 0% risk of failure)
Confirm with . or Enter, or press ? or * to list all spells.
Casting: Flame Wave (safe; 1% risk of failure)
Press: ? - help, Dir - look around, f - activate A wave of flame ripples out!
The flame wave engulfs Snorg!!
Snorg is burned terribly!
Snorg is severely wounded. (Press . to intensify the flame waves.) Snorg bites you but does no damage.
Snorg claws you!
* * * LOW HITPOINT WARNING * * *
Snorg claws you but does no damage. Snorg bites you but does no damage.
Snorg misses you. Snorg claws you!
* * * LOW HITPOINT WARNING * * *
A wave of flame ripples out!
The flame wave engulfs Snorg!!
Snorg is burned terribly!
Snorg is severely wounded.
Snorg bites you.
* * * LOW HITPOINT WARNING * * *
Snorg misses you. Snorg closely misses you.
Unknown command.
A wave of flame ripples out!
The flame wave engulfs Snorg!!
Snorg is burned terribly!
Snorg is almost dead.
You finish channelling waves of flame.
Snorg closely misses you. x2
Snorg claws you but does no damage. Snorg bites you.
* * * LOW HITPOINT WARNING * * *
Snorg claws you!
You die...

##### *##*###* #######
.##.####.#.##.#############.P.#P#
.................................
.................................
.............ยง...................
..###.##PP#P..#..##P....###..##.#
###.#.#######.#.####...###.#.#.##
...............T@................
......)..........................
..........................^......
##..#.##.####.#####.P.....#..###.
########## ############.....###.#
..#.###.####.#..#..####....#...#.
.................................
.................................
.................................


You could see Snorg (berserk, blind, combustible).

Vanquished Creatures
  Fannar (D:10)
  3 two-headed ogres
  A catoblepas (Lair:2)
  3 centaur warriors (D:8)
  2 hydras
  2 boulder beetles (D:11)
  15 death yaks
  Urug (Lair:4)
  3 orc knights
  An ugly thing (D:11)
  A merfolk siren (Lair:3)
  3 elephants
  4 black mambas
  A torpor snail (Lair:2)
  Maggie (D:6)
  Psyche (D:9)
  5 cane toads
  A kobold demonologist (D:8)
  5 komodo dragons
  2 rime drakes
  7 polar bears (Lair:4)
  20 blink frogs
  4 dream sheep
  27 yaks
  2 shadows (D:10)
  A basilisk (Lair:4)
  2 wraiths
  4 wyverns
  An acid dragon (D:7)
  7 water moccasins
  2 ice beasts
  9 orc warriors
  3 black bears
  3 ogres
  15 wolves
  9 centaurs
  14 bullfrogs
  2 necrophages
  2 kobold brigands (D:7)
  6 scorpions
  2 gnoll sergeants
  5 killer bees (D:7)
  2 hounds (D:6)
  2 jellies
  8 orc priests
  A gnoll bouda (D:6)
  6 iguanas
  14 orc wizards
  3 hell rats (D:11)
  Robin (D:2)
  19 gnolls
  5 river rats
  15 adders
  An ufetubus (D:6)
  6 worms
  3 dart slugs
  56 orcs
  9 endoplasms
  5 giant cockroaches
  9 hobgoblins
  5 jackals
  17 kobolds
  10 quokkas
  12 ball pythons
  6 bats
  9 frilled lizards
  24 goblins
  16 rats
467 creatures vanquished.

Vanquished Creatures (collateral kills)
  16 foxfires
16 creatures vanquished.

Vanquished Creatures (others)
  A black mamba (Lair:2)
  2 basilisks
  A bush (D:11)
  1227 foxfires
  23 fungi
  68 plants
  3 withered plants (Lair:5)
1325 creatures vanquished.

Grand Total: 1808 creatures vanquished

Notes
Turn   | Place    | Note
-------+----------+-------------------------------------------
     0 | D:1      | funkygono the Draconian Fire Elementalist began the quest
                  | for the Orb.
     0 | D:1      | Reached XP level 1. HP: 14/14 MP: 3/3
   195 | D:1      | Reached XP level 2. HP: 17/20 MP: 0/5
   400 | D:1      | Found a faded altar of an unknown god.
   404 | D:1      | Learned a level 2 spell: Scorch
   576 | D:1      | Reached XP level 3. HP: 8/26 MP: 1/6
   580 | D:1      | Learned a level 3 spell: Kindle Blastsparks
  1309 | D:2      | Reached XP level 4. HP: 26/33 MP: 1/8
  1568 | D:2      | Noticed Robin
  1595 | D:2      | Killed Robin
  1596 | D:2      | Reached skill level 4 in Fire Magic
  1967 | D:2      | Reached XP level 5. HP: 34/38 MP: 5/10
  2399 | D:2      | Learned a level 4 spell: Flame Wave
  3078 | D:3      | Noticed an ogre
  3090 | D:3      | Killed an ogre
  3091 | D:3      | Reached XP level 6. HP: 45/45 MP: 0/12
  3395 | D:3      | Identified the +1 ring mail of Kece Furr {+Inv rCorr Int+7}
  4267 | D:4      | Reached skill level 5 in Fire Magic
  4267 | D:4      | Your scales start taking on a dull iron-grey colour.
  4267 | D:4      | Reached XP level 7. HP: 50/51 MP: 3/13
  4730 | D:4      | Found a staircase to the Ecumenical Temple.
  4784 | Temple   | Entered the Ecumenical Temple
  4927 | D:5      | Entered Level 5 of the Dungeon
  5067 | D:5      | Reached skill level 1 in Maces & Flails
  5167 | D:5      | Found a glowing drain.
  5187 | Sewer    | Entered a sewer
  5538 | Sewer    | Reached skill level 5 in Spellcasting
  7134 | D:5      | Reached XP level 8. HP: 35/58 MP: 1/16
  7238 | D:6      | Noticed Maggie
  7240 | D:6      | Reached skill level 6 in Fire Magic
  7459 | D:6      | Killed Maggie
  7460 | D:6      | Reached skill level 5 in Conjurations
  7522 | D:6      | Reached skill level 7 in Fire Magic
  8137 | D:6      | Reached XP level 9. HP: 63/63 MP: 14/18
  8376 | D:6      | Found Zinaul's Magic Scroll Emporium.
  8379 | D:6      | Bought a scroll of identify for 24 gold pieces
  8379 | D:6      | Bought a scroll of identify for 24 gold pieces
  8379 | D:6      | Bought 3 scrolls of teleportation for 108 gold pieces
  8438 | D:6      | Found a snail-covered altar of Cheibriados.
  8981 | D:7      | Reached skill level 1 in Fighting
  8995 | D:7      | Reached skill level 8 in Fire Magic
  9096 | D:7      | Found a bloodstained altar of Trog.
  9343 | D:7      | Found a hazy altar of Hepliaklqana.
 10048 | D:8      | Found a flagged portal.
 10108 | Bailey   | Entered a bailey
 10307 | Bailey   | Noticed an orc knight
 10487 | Bailey   | Noticed an orc knight
 10507 | Bailey   | Reached XP level 10. HP: 71/71 MP: 14/22
 10525 | Bailey   | Killed an orc knight
 10526 | Bailey   | Reached skill level 9 in Fire Magic
 10692 | Bailey   | Killed an orc knight
 10922 | Bailey   | Identified the +4 scale mail "Wackies" {Dex+4}
 11022 | D:8      | Noticed a centaur warrior
 11041 | D:8      | Killed a centaur warrior
 11049 | D:8      | Noticed an orange demon
 11759 | D:8      | Noticed a centaur warrior
 11774 | D:8      | Noticed a centaur warrior
 11778 | D:8      | Killed a centaur warrior
 11779 | D:8      | Reached skill level 10 in Fire Magic
 11782 | D:8      | Killed a centaur warrior
 11962 | D:8      | Found the +1 cloak of Starlight {*Dazzle EV+4 Stlth--}
 12142 | D:8      | Identified the +5 long sword of the Dead {antimagic, rF+}
 12445 | D:9      | Reached XP level 11. HP: 78/78 MP: 9/24
 12531 | D:9      | Found a transporter.
 12629 | D:9      | Found a transporter.
 12629 | D:9      | Noticed a wizard
 12629 | D:9      | Noticed a skeletal warrior
 12642 | D:9      | Found a one-way gate to the infinite horrors of the Abyss.
 12642 | D:9      | Noticed Gonzollydolly's ghost (novice MeRe)
 12671 | D:9      | Noticed a two-headed ogre
 12680 | D:9      | Killed a two-headed ogre
 12681 | D:9      | Reached skill level 10 in Spellcasting
 12742 | D:9      | Identified the +0 leather armour of Philately {SInv}
 12976 | D:9      | Found a radiant altar of Vehumet.
 12977 | D:9      | Found a white marble altar of Elyvilon.
 12982 | D:9      | Became a worshipper of Vehumet
 12998 | D:9      | Noticed Psyche
 13005 | D:9      | Killed Psyche
 13500 | D:10     | Entered Level 10 of the Dungeon
 13535 | D:10     | Found Jawkerr's Weapon Emporium.
 13654 | D:10     | Found a staircase to the Orcish Mines.
 13754 | D:10     | Found a stormy altar of Qazlal.
 13754 | D:10     | Found a sparkling altar of Nemelex Xobeh.
 13755 | D:10     | Found a shimmering altar of Xom.
 13885 | D:10     | Reached skill level 11 in Fire Magic
 14018 | D:10     | Noticed a two-headed ogre
 14019 | D:10     | Noticed Fannar
 14020 | D:10     | Noticed an orc knight
 14033 | D:10     | Killed a two-headed ogre
 14044 | D:10     | Killed Fannar
 14051 | D:10     | Killed an orc knight
 14271 | D:10     | Identified the +0 buckler of Noughts and Crosses {rPois
                  | Int+4}
 14706 | D:11     | Noticed a death yak
 14726 | D:11     | Killed a death yak
 14727 | D:11     | Reached skill level 1 in Translocations
 14759 | D:11     | Noticed a death yak
 14764 | D:11     | Noticed a death yak
 14789 | D:11     | Noticed a white ugly thing
 14790 | D:11     | Noticed a boulder beetle
 14792 | D:11     | Noticed a two-headed ogre
 15233 | D:11     | Killed a boulder beetle
 15389 | D:11     | Killed a two-headed ogre
 15469 | D:11     | Reached skill level 12 in Fire Magic
 15501 | D:10     | Killed a death yak
 15711 | D:11     | Noticed a boulder beetle
 15716 | D:10     | Killed a death yak
 15717 | D:10     | Reached skill level 1 in Air Magic
 15717 | D:10     | Reached XP level 12. HP: 38/85 MP: 8/27
 15857 | D:10     | Learned a level 2 spell: Searing Ray
 15871 | D:11     | Killed a boulder beetle
 15945 | D:11     | Reached * piety under Vehumet
 15945 | D:11     | Offered knowledge of Shock by Vehumet.
 15954 | D:10     | Learned a level 1 spell: Shock
 16127 | D:11     | Found a staircase to the Lair.
 16323 | D:11     | Found a blossoming altar of Fedhas.
 16618 | Lair:1   | Entered Level 1 of the Lair of Beasts
 16655 | Lair:1   | Noticed Uhykki's ghost (journeyman DjFE)
 17461 | Lair:1   | Found a transporter.
 17463 | Lair:1   | Found a transporter.
 17769 | Lair:2   | Reached skill level 13 in Fire Magic
 17959 | Lair:2   | Noticed a death yak
 17959 | Lair:2   | Noticed a death yak
 17959 | Lair:2   | Noticed a death yak
 17959 | Lair:2   | Noticed a death yak
 17959 | Lair:2   | Noticed a death yak
 17959 | Lair:2   | Noticed a death yak
 17969 | Lair:2   | Killed a death yak
 17970 | Lair:2   | Killed a death yak
 17974 | Lair:2   | Killed a death yak
 17975 | Lair:2   | Killed a death yak
 17975 | Lair:2   | Killed a death yak
 17975 | Lair:2   | Reached ** piety under Vehumet
 17975 | Lair:2   | Offered knowledge of Sandblast by Vehumet.
 17976 | Lair:2   | Killed a death yak
 18157 | Lair:2   | Reached XP level 13. HP: 88/93 MP: 13/29
 18520 | Lair:2   | Reached skill level 5 in Dodging
 19171 | Lair:2   | Found a hole to the Spider Nest.
 19228 | Lair:2   | Learned a level 1 spell: Sandblast
 19274 | Lair:3   | Reached skill level 14 in Fire Magic
 19416 | Lair:3   | Offered knowledge of Ignite Poison by Vehumet.
 19446 | Lair:3   | Reached skill level 1 in Earth Magic
 19579 | Lair:3   | Found a staircase to the Shoals.
 19662 | Lair:3   | Learned a level 3 spell: Ignite Poison
 19812 | Lair:3   | Reached *** piety under Vehumet
 19813 | Lair:3   | Reached skill level 1 in Evocations
 20834 | Lair:3   | Learned a level 2 spell: Blink
 21301 | Lair:4   | Noticed Urug
 21357 | Lair:4   | HP: 1/141 [Urug/+1 halberd (11)]
 21358 | Lair:4   | Killed Urug
 21631 | Lair:4   | Offered knowledge of Mephitic Cloud by Vehumet.
 21636 | Lair:4   | Learned a level 3 spell: Mephitic Cloud
 22340 | Lair:5   | Entered Level 5 of the Lair of Beasts
 22347 | Lair:5   | Noticed a dire elephant
 22347 | Lair:5   | Noticed a dire elephant
 22445 | Lair:5   | Noticed Snorg
 22466 | Lair:4   | Slain by Snorg

Illustrated notes

Levels and vault maps discovered:
D:1:      minmay_arrival_shattered_statue, layout_loops_ring,
          hellmonk_ecumenical_altar_inner_sanctum,
          chequers_serial_rivers_micro_c
D:2:      layout_loops_ring, uniq_robin
D:3:      minmay_recursive_quarters, layout_rooms, minmay_starry_boxes
D:4:      layout_loops_ring, minmay_temple_entry_hall
D:5:      layout_cave_pods, portal_sewer_entry_f
D:6:      layout_loops_ring, mainiacjoe_overflow_alcove_4, serial_shops,
          nicolae_shop_behind_doors, hangedman_abyss_or_decor_slice, uniq_maggie
D:7:      layout_basic, mainiacjoe_overflow_catch_the_wave
D:8:      layout_gridville, enter_bailey_3, minmay_diamond_spiral
D:9:      layout_layer_cave, nicolae_overflow_two_pavilions,
          gammafunk_ghost_abyssal_escape, uniq_psyche
D:10:     layout_basic, gammafunk_temple_overflow_claw, orc_david_3, uniq_fannar
D:11:     layout_loops_corners, dpeg_lair_monsters,
          fedhas_bush_and_centaur_altar
Temple:   zaba_magenta_temple
Lair:1:   layout_roguey, nzn_ghost_randoct
Lair:2:   layout_roguey, nicolae_spider_entry_non_spiders, grunt_megastairs_4
Lair:3:   layout_small_grid, minmay_shoals_entry_lonely_mermaid,
          chequers_serial_rivers_small_b
Lair:4:   layout_long_grid, beast_lair_carwin_1, uniq_urug
Lair:5:   due_jungle_book, layout_layer_cave, minmay_slime_entry_oklob_open,
          minmay_stone_trees_medium, grunt_forest_large_clearings,
          infiniplex_staircase_pool_2, uniq_snorg

Skill      XL: |  1  2  3  4  5  6  7  8  9 10 11 12 13 |
---------------+----------------------------------------+-----
Spellcasting   | 3 4 5 6 8 9 11 12 13 | 13.9
Dodging        | 2 3 4 5 |  5.6
Conjurations   | 2 3 4 5 6 7 8 9 |  9.0
Fire Magic     | 4 5 7 8 10 12 13 14 | 14.6
Stealth        | 2 3 4 |  4.5
Maces & Flails | 1 2 3 |  3.2
Fighting       | 1 2 3 |  3.2
Translocations | 1 |  1.0
Air Magic      | 1 |  1.1
Earth Magic    | 3 |  3.9
Evocations     | 1 |  1.3
Short Blades   | |  0.2
Transmutations | |  0.2
Poison Magic   | |  0.3

Action                   |  1- 3 |  4- 6 |  7- 9 | 10-12 | 13-15 || total
-------------------------+-------+-------+-------+-------+-------++-------
Melee: Dagger            |     7 |    10 |       |       |       ||    17
       Tailslap          |     1 |     1 |    26 |     5 |    23 ||    56
       Punch             |     1 |       |     5 |       |     1 ||     7
       Whip              |       |     7 |   110 |    53 |    82 ||   252
 Cast: Foxfire           |    42 |   137 |   182 |   237 |   120 ||   718
       Scorch            |     6 |    22 |    57 |   146 |    61 ||   292
       Flame Wave        |       |       |    12 |    31 |    24 ||    67
       Kindle Blastspark |       |       |     2 |    11 |       ||    13
       Searing Ray       |       |       |       |     1 |     1 ||     2
       Sandblast         |       |       |       |       |    74 ||    74
       Shock             |       |       |       |       |     4 ||     4
       Mephitic Cloud    |       |       |       |       |     3 ||     3
       Ignite Poison     |       |       |       |       |     2 ||     2
Evoke: Wand              |       |       |       |     8 |     6 ||    14
       Phantom mirror    |       |       |       |     1 |     1 ||     2
  Use: Scroll            |       |    13 |    13 |    12 |     4 ||    42
       Potion            |       |       |       |     3 |     2 ||     5
 Stab: Invisible         |       |       |       |     3 |    10 ||    13
Armor: Skin              |     4 |    19 |    54 |   103 |   115 ||   295
Dodge: Dodged            |    17 |    67 |    75 |   186 |   295 ||   640

Table legend: (Time is in decaauts)
 A = Elapsed time spent in this place.
 B = Non-inter-level travel time spent in this place.
 C = Inter-level travel time spent in this place.
 D = Time resting spent in this place.
 E = Time spent auto-exploring this place.
 F = Levels seen in this place.
 G = Mean time per level.
                   A        B        C        D        E       F      G
               +--------+--------+--------+--------+--------+-----+--------+
         Total |  22531 |  22123 |    408 |   2640 |  14765 |  19 | 1185.8 |
       Dungeon |  14502 |  14195 |    307 |   1774 |   9845 |  11 | 1318.4 |
        Temple |     73 |     54 |     19 |      0 |     50 |   1 |   73.0 |
          Lair |   5900 |   5819 |     81 |    493 |   4187 |   5 | 1180.0 |
         Sewer |   1205 |   1205 |      0 |      0 |    653 |   1 | 1205.0 |
        Bailey |    849 |    849 |      0 |    373 |     29 |   1 |  849.0 |
               +--------+--------+--------+--------+--------+-----+--------+

Top non-repeatable levels by time:
     D:8: 1954 daAuts
    D:10: 1792 daAuts
  Lair:3: 1618 daAuts
  Lair:2: 1522 daAuts
     D:3: 1516 daAuts
  Lair:4: 1458 daAuts
     D:2: 1374 daAuts
    D:11: 1329 daAuts
     D:5: 1298 daAuts
     D:1: 1273 daAuts
  Lair:1: 1252 daAuts
   Sewer: 1205 daAuts
     D:6: 1171 daAuts
     D:9: 1090 daAuts
     D:7: 1008 daAuts
